 Dungeon Sprint DCSS version 0.23.0-3-gf3c87f2 (webtiles) character file.

Game seed: 5545334183596087741

1232 nuthulu the Grappler (level 8, -6/88 HPs)
             Began as a Troll Monk on Feb 20, 2019.
             Was an Elder of Yredelemnul.
             Mangled by Snorg (18 damage)
             ... in the Dungeon (Sprint III: "The Ten Rune Challenge").
             The game lasted 00:02:53 (497 turns).

nuthulu the Grappler (Troll Monk)                    Turns: 497, Time: 00:02:55

Health: -6/88      AC:  7    Str: 22    XL:     8   Next: 24%
Magic:  7/7        EV: 14    Int:  6    God:    Yredelemnul [****..]
Gold:   20         SH:  0    Dex: 12    Spells: 7/7 levels left

rFire    . . .     SeeInvis .     - Unarmed
rCold    . . .     Gourm    +   (no shield)
rNeg     . . .     Faith    .   a - +0 robe
rPois    +         Spirit   .   (helmet restricted)
rElec    .         Reflect  .   e - +0 cloak
rCorr    .         Harm     .   (gloves unavailable)
MR       .....     NoTele   +   (boots unavailable)
Stlth    +++.......             (no amulet)
HPRegen  0.64/turn              (no ring)
MPRegen  0.10/turn              (no ring)

@: no status effects
A: large, unfitting armour, claws 3, horns 2, fast metabolism 3, gourmand, sense
surroundings 1, poison resistance, regeneration 1, shaggy fur 1, tough skin 3,
subdued magic 1
a: Recall Undead Slaves, Injury Mirror, Animate Dead, Drain Life, Renounce
Religion


You were in the Dungeon.
You worshipped Yredelemnul.
Yredelemnul was greatly pleased with you.
You were not hungry.

You visited 1 branch You collected 20 gold pieces.

Inventory:

Armour
 a - a +0 robe (worn)
 e - a +0 cloak (worn)
Wands
 g - a wand of polymorph (11)
Scrolls
 h - a scroll of blinking
 j - a scroll of torment
 l - a scroll of remove curse
 n - a scroll of enchant armour {unknown}
Potions
 c - 2 potions of curing
 d - a potion of heal wounds
 f - 2 potions of magic
 i - 3 potions of mutation
 m - 2 potions of flight
Comestibles
 b - 5 rations


   Skills:
 + Level 8.1 Fighting
 + Level 8.1 Dodging
 + Level 5.9 Stealth
 + Level 9.7 Unarmed Combat


You had 7 spell levels left.
You didn't know any spells.
Your spell library contained the following spells:

 Spells                   Type           Power        Failure   Level  Hunger
 Magic Dart               Conj           #...         41%         1    ##.....
 Blink                    Tloc           N/A          54%         2    ###....
 Call Imp                 Summ           #.......     54%         2    ###....
 Slow                     Hex            #.......     54%         2    ###....
 Conjure Flame            Conj/Fire      #.......     80%         3    ####...
 Mephitic Cloud           Conj/Pois/Air  #.......     80%         3    ####...
 Poison Arrow             Conj/Pois      #.........   100%        6    #######
 Chain Lightning          Conj/Air       #.........   100%        8    #######
 Lehudib's Crystal Spear  Conj/Erth      #.........   100%        8    #######
 Fire Storm               Conj/Fire      #.........   100%        9    #######
 Glaciate                 Conj/Ice       #.........   100%        9    #######


Dungeon Overview and Level Annotations

Branches:
Dungeon (1/1)

Altars:
Cheibriados
Dithmenos
Elyvilon
Fedhas
Gozag
Hepliaklqana
Kikubaaqudgha
Makhleb
Nemelex Xobeh
Okawaru
Qazlal
Ru
Sif Muna
Trog
Uskayaw
Vehumet
Wu Jian
Xom
Yredelemnul
Zin
The Shining One
Beogh
Jiyva
Lugonu

Annotations:
D Snorg


Innate Abilities, Weirdness & Mutations

You are too large for most types of armour.
You have claws for hands.
Your metabolism is lightning-fast.
You like to eat raw meat.
Your natural rate of healing is unusually fast.
You are covered in fur. (AC +1)
You have extremely tough skin. (AC +3)
You have a pair of horns on your head.
You passively map a small area around you.
Your system is resistant to poisons. (rPois)
Your spells are a little easier to cast, but a little less powerful.


Message History

You barely miss Snorg.
Snorg is heavily wounded.
Your human zombie hits Snorg.
Snorg bites your human zombie! Snorg claws your human zombie!
Snorg barely misses your human zombie.
You mangle Snorg!!
Snorg is severely wounded.
Snorg closely misses you. Snorg misses you. Snorg barely misses you.
Your human zombie barely misses Snorg.
You claw Snorg!
Snorg is severely wounded.
Snorg barely misses you. Snorg claws you! x2
You mangle Snorg!!
Snorg is almost dead.
Snorg bites you!
* * * LOW HITPOINT WARNING * * *
Snorg claws you!
* * * LOW HITPOINT WARNING * * *
Snorg claws you!!
You die...
Your body rises from the dead as a mindless zombie.

.#.).#__)#)_#, , ,
.###'#'###'##, , ,
.#......ZZ..# , , ,
.+.⌠.....Z..# * ,* , +
.#...######'# , * *
.#.⌠.#__#...#+#####***
.#...#__#...#§Z§§§+, +
+ .#)###__#...#§#Z§§#
.#...#__#ZZ.Z§#Z@Z#
.#___#__'Z..#.#§T§# ,
, ▓▓▓▓▓▓▓▓▓▓▓▓▓▓▓▓▓▓▓
, , , ≈≈ ≈ ≈ ≈ , * *
** * * ,, ** ** * * *
≈


You could see Snorg (berserk), a friendly kobold demonologist zombie, 2 friendly
human zombies and a friendly necrophage skeleton.

Vanquished Creatures
  A deep elf mage (D)
  A shadow (D)
  A necrophage (D)
  A water elemental (D)
  Crazy Yiuf (D)
  A jelly (D)
  A wizard (D)
  A necromancer (D)
  3 humans (D)
  4 rats (D)
15 creatures vanquished.

Vanquished Creatures (collateral kills)
  A spatial vortex (D)
  A kobold demonologist (D)
2 creatures vanquished.

Vanquished Creatures (others)
  2 draconian scorchers (D)
  A yaktaur (D)
  6 hellions (D)
  3 plants (D)
12 creatures vanquished.

Grand Total: 29 creatures vanquished

Notes
Turn   | Place    | Note
-------+----------+-------------------------------------------
     0 | D        | nuthulu the Troll Monk began the quest for the Orb.
     0 | D        | Reached XP level 1. HP: 22/22 MP: 0/0
    70 | D        | Reached skill level 4 in Unarmed Combat
    70 | D        | Reached XP level 2. HP: 16/31 MP: 1/1
   117 | D        | Killed a hellion
   122 | D        | Noticed Crazy Yiuf
   130 | D        | Killed Crazy Yiuf
   130 | D        | Reached XP level 3. HP: 11/39 MP: 0/2
   131 | D        | Killed a hellion
   135 | D        | Killed a hellion
   158 | D        | Killed a hellion
   159 | D        | Killed a hellion
   220 | D        | Killed a hellion
   244 | D        | Gained mutation: Scrolls take you a little longer to read.
                  | [potion of mutation]
   244 | D        | Gained mutation: You are covered in thick fur. (AC +2)
                  | [potion of mutation]
   244 | D        | Gained mutation: You have a pair of small horns on your
                  | head. [potion of mutation]
   245 | D        | Lost mutation: Scrolls take you a little longer to read.
                  | [potion of mutation]
   245 | D        | Lost mutation: You are covered in thick fur. (AC +2)
                  | [potion of mutation]
   245 | D        | Gained mutation: You have a pair of horns on your head.
                  | [potion of mutation]
   245 | D        | Gained mutation: You passively map a small area around you.
                  | [potion of mutation]
   245 | D        | Gained mutation: Your spells are a little easier to cast,
                  | but a little less powerful. [potion of mutation]
   245 | D        | Gained mutation: Your system is resistant to poisons.
                  | (rPois) [potion of mutation]
   250 | D        | Noticed a water elemental
   257 | D        | Killed a water elemental
   257 | D        | Reached skill level 5 in Unarmed Combat
   257 | D        | Reached XP level 4. HP: 49/49 MP: 3/3
   260 | D        | Killed a white draconian scorcher
   267 | D        | Killed a white draconian scorcher
   316 | D        | Found a basalt altar of Yredelemnul.
   316 | D        | Found a shadowy altar of Dithmenos.
   316 | D        | Found a sacrificial altar of Ru.
   316 | D        | Noticed a necrophage
   324 | D        | Killed a necrophage
   324 | D        | Reached skill level 5 in Fighting
   324 | D        | Reached skill level 5 in Dodging
   324 | D        | Reached skill level 6 in Unarmed Combat
   324 | D        | Reached XP level 5. HP: 57/57 MP: 4/4
   332 | D        | Killed a yaktaur
   335 | D        | Became a worshipper of Yredelemnul the Dark
   335 | D        | Reached * piety under Yredelemnul
   335 | D        | Reached ** piety under Yredelemnul
   361 | D        | Found a glowing silver altar of Zin.
   361 | D        | Found a glowing golden altar of the Shining One.
   361 | D        | Found a white marble altar of Elyvilon.
   361 | D        | Noticed a deep elf mage
   373 | D        | Killed a deep elf mage
   373 | D        | Reached skill level 5 in Stealth
   373 | D        | Reached skill level 8 in Unarmed Combat
   373 | D        | Reached XP level 6. HP: 71/71 MP: 5/5
   373 | D        | Reached XP level 7. HP: 78/78 MP: 6/6
   381 | D        | Found a radiant altar of Vehumet.
   381 | D        | Found a deep blue altar of Sif Muna.
   381 | D        | Found an ancient bone altar of Kikubaaqudgha.
   417 | D        | Found a hide-covered altar of Uskayaw.
   417 | D        | Found a roughly hewn altar of Beogh.
   417 | D        | Found an iron altar of Okawaru.
   417 | D        | Found a bloodstained altar of Trog.
   417 | D        | Found an ornate altar of the Wu Jian Council.
   417 | D        | Noticed a human
   417 | D        | Noticed a human
   424 | D        | Killed a human
   424 | D        | Reached *** piety under Yredelemnul
   424 | D        | Reached skill level 9 in Unarmed Combat
   429 | D        | Killed a human
   457 | D        | Noticed a shadow
   460 | D        | Killed a shadow
   460 | D        | Reached XP level 8. HP: 88/88 MP: 7/7
   468 | D        | Found a blossoming altar of Fedhas.
   468 | D        | Found a stormy altar of Qazlal.
   468 | D        | Found a snail-covered altar of Cheibriados.
   468 | D        | Found a burning altar of Makhleb.
   468 | D        | Found a shimmering altar of Xom.
   469 | D        | Found a hazy altar of Hepliaklqana.
   469 | D        | Found an opulent altar of Gozag.
   469 | D        | Found a sparkling altar of Nemelex Xobeh.
   469 | D        | Found a corrupted altar of Lugonu.
   469 | D        | Found a viscous altar of Jiyva.
   478 | D        | Reached **** piety under Yredelemnul
   488 | D        | Noticed Snorg
   497 | D        | Mangled by Snorg

Skill      XL: |  1  2  3  4  5  6  7  8 |
---------------+-------------------------+-----
Fighting       | 3 4 5 7 8 |  8.1
Dodging        | 3 4 5 7 8 |  8.1
Unarmed Combat | 4 5 6 8 9 |  9.7
Stealth        | 2 3 5 |  5.9

Action                   |  1- 3 |  4- 6 |  7- 9 || total
-------------------------+-------+-------+-------++-------
Melee: Unarmed           |    23 |    24 |    34 ||    81
       Punch             |     2 |       |     1 ||     3
       Headbutt          |     1 |     2 |     4 ||     7
Invok: Animate Remains   |       |     1 |     1 ||     2
       Animate Dead      |       |       |     1 ||     1
  Use: Potion            |     4 |       |       ||     4
       Scroll            |     3 |       |       ||     3
 Stab: Sleeping          |     2 |       |     1 ||     3
  Eat: Chunk             |     5 |       |       ||     5
Armor: Robe              |       |     7 |     7 ||    14
Dodge: Dodged            |     7 |     7 |    19 ||    33
